 Dungeon Crawl Stone Soup version 0.30-a0-341-g682706514a (webtiles) character file.

Game seed: 2615788927108000547

58 LnG the Caller (level 4, -1/24 HPs)
             Began as a Kobold Summoner on Nov 2, 2022.
             Slain by an ogre
             ... wielding a +0 giant club
              (25 damage)
             ... on level 3 of the Dungeon.
             The game lasted 00:05:10 (3088 turns).

LnG the Caller (Kobold Summoner)                    Turns: 3088, Time: 00:05:11

Health: -1/24      AC:  3    Str:  5    XL:     4   Next: 20%
Magic:  7/7        EV: 15    Int: 18    God:
Gold:   143        SH:  0    Dex: 15    Spells: 2/8 levels left

rFire   . . .      SeeInvis .    d - +0 dagger
rCold   . . .      Faith    .    (no shield)
rNeg    . . .      Spirit   .    a - +0 robe
rPois   .          Reflect  .    (no helmet)
rElec   .          Harm     .    (no cloak)
rCorr   .          Rampage  .    m - +0 pair of gloves
Will    .....                    (no boots)
Stlth   ++++......               (no amulet)
HPRegen 0.24/turn                (no ring)
MPRegen 0.10/turn                (no ring)

@: no status effects
A: small, no large weapons, nightstalker 3
a: no special abilities


You were on level 3 of the Dungeon.
You visited 1 branch of the dungeon, and saw 3 of its levels.

You collected 143 gold pieces.

Inventory:

Hand Weapons
 d - a +0 dagger (weapon)
 j - the +5 whip of Fiusch {vorpal, rC+}
   (You found it on level 2 of the Dungeon)

   It inflicts extra damage upon your enemies.
   rC:        It protects you from cold.
Armour
 a - a +0 robe (worn)
 l - +0 swamp dragon scales
 m - a +0 pair of gloves (worn)
Scrolls
 f - a scroll of amnesia {unknown}
 g - 3 scrolls of identify {unknown}
 h - a scroll of noise {unknown}
 i - a scroll of immolation {unknown}
Potions
 b - a potion of magic
 c - a potion of flight {unknown}
 e - 2 potions of attraction {unknown}
 k - a potion of cancellation {unknown}
 n - a potion of brilliance {unknown}


   Skills:
 + Level 0.3 Fighting
 + Level 0.7 Short Blades
 * Level 2.9 Dodging
 * Level 3.9 Stealth
 + Level 2.5 Spellcasting
 + Level 4.5 Summonings


You had 2 spell levels left.
You knew the following spells:

 Your Spells              Type           Power      Damage    Failure   Level
a - Summon Small Mammal   Summ           72%        N/A       2%          1
b - Call Imp              Summ           18%        N/A       4%          2
c - Call Canine Familiar  Summ           18%        N/A       9%          3

Your spell library contained the following spells:

 Spells                   Type           Power      Damage    Failure   Level
 Cigotuvi's Dreadful Rot  Necr/Pois/Air  4%         N/A       26%         2
 Poisonous Vapours        Pois/Air       4%         N/A       26%         2
 Summon Guardian Golem    Hex/Summ       10%        N/A       21%         3
 Mephitic Cloud           Conj/Pois/Air  2%         N/A       45%         3
 Summon Lightning Spire   Summ/Air       10%        N/A       56%         4


Dungeon Overview and Level Annotations

Branches:
Dungeon (3/15)

Altars:
Ru


Innate Abilities, Weirdness & Mutations

You are small and have problems with some larger weapons.
You are completely attuned to the shadows.


Message History

You see here a hobgoblin corpse.
You hit the rat.
The rat is moderately wounded.
The rat bites you.
You hit the rat.
You kill the rat!
No target in view!
No target in view!
HP restored.
You see here a rat corpse.
A goblin comes into view. It is wielding a +0 club.
The goblin shouts!
You hit the goblin.
You kill the goblin!
No target in view!
You see here a +0 club.
n - a glowing orange potion
Found a mace.
A bat comes into view.
The helpless bat fails to defend itself.
You puncture the bat!
You kill the bat!
No target in view!
You now have 143 gold pieces (gained 5).
A goblin comes into view. It is wielding a +0 club.
You hit the goblin.
You kill the goblin!
No target in view!
No target in view!
Found a robe.
A frilled lizard comes into view.
The frilled lizard hisses angrily.
You hit the frilled lizard.
You kill the frilled lizard!
An ogre comes into view. It is wielding a +0 giant club.
The ogre shouts!
You hit the ogre but do no damage.
The ogre hits you with a +0 giant club!!
Ouch! That really hurt!
You die...

......##.##.###
...............
.##............
.##...##.##.### ..
.......##)##.### #.
...............
###.###.#...##.##....
......#.#.#.## #..#.
....@.....#.##.##..#.
##.O###.#.#.##.##..#.
#.. #.#.#.#........
#.. #.#.#.##.##..#.
#.. #..............
#...#.##)##..#.
......##.##..#.
...........
####.##....


You could see an ogre.

Vanquished Creatures
  An adder (D:2)
  7 ball pythons
  3 endoplasms
  A giant cockroach (D:2)
  3 goblins
  A hobgoblin (D:3)
  A jackal (D:1)
  3 bats
  4 frilled lizards
  5 rats
29 creatures vanquished.

Vanquished Creatures (collateral kills)
  A worm (D:2)
  An endoplasm (D:1)
  2 goblins
  2 jackals (D:1)
  A kobold (D:2)
  A quokka (D:2)
  5 ball pythons
  2 bats
  A rat (D:1)
16 creatures vanquished.

Vanquished Creatures (others)
  A withered plant (D:3)
1 creature vanquished.

Grand Total: 46 creatures vanquished

Notes
Turn   | Place    | Note
-------+----------+-------------------------------------------
     0 | D:1      | LnG the Kobold Summoner began the quest for the Orb.
     0 | D:1      | Reached XP level 1. HP: 10/10 MP: 3/3
   207 | D:1      | Reached XP level 2. HP: 15/15 MP: 3/5
   210 | D:1      | Learned a level 2 spell: Call Imp
   667 | D:1      | Reached XP level 3. HP: 19/19 MP: 6/6
   671 | D:1      | Learned a level 3 spell: Call Canine Familiar
  1512 | D:2      | Identified the +5 whip of Fiusch {vorpal, rC+}
  1810 | D:2      | Reached XP level 4. HP: 22/24 MP: 7/7
  1859 | D:2      | Found a sacrificial altar of Ru.
  3086 | D:3      | Noticed an ogre
  3088 | D:3      | Slain by an ogre

Illustrated notes

Levels and vault maps discovered:
D:1:      wheals_arrival_linesprint, layout_basic, kennysheep_small_spiral,
          dk_noncrumbling_4, hangedman_decor_push
D:2:      wad_lake_hut, layout_basic, basic_altar
D:3:      layout_basic, ebering_ecumenical_altar_petrified

Skill      XL: |  1  2 |
---------------+-------+-----
Stealth        | 3 |  3.9
Fighting       | |  0.3
Short Blades   | |  0.7
Dodging        | |  2.9
Spellcasting   | |  2.5
Summonings     | |  4.5

Action                   |  1- 3 |  4- 6 || total
-------------------------+-------+-------++-------
Melee: Unarmed           |    13 |       ||    13
       Dagger            |    33 |    16 ||    49
       Whip              |     4 |       ||     4
 Cast: Summon Small Mamm |    18 |       ||    18
       Call Canine Famil |     2 |       ||     2
       Call Imp          |     1 |       ||     1
  Use: Scroll            |     1 |       ||     1
 Stab: Sleeping          |    12 |     3 ||    15
       Distracted        |     1 |       ||     1
Armor: Robe              |     9 |       ||     9
Dodge: Dodged            |    44 |     6 ||    50

Table legend: (Time is in decaauts)
 A = Elapsed time spent in this place.
 B = Non-inter-level travel time spent in this place.
 C = Inter-level travel time spent in this place.
 D = Time resting spent in this place.
 E = Time spent auto-exploring this place.
 F = Levels seen in this place.
 G = Mean time per level.
                   A        B        C        D        E       F      G
               +--------+--------+--------+--------+--------+-----+--------+
         Total |   3148 |   2913 |    235 |     47 |   2483 |   3 | 1049.3 |
       Dungeon |   3148 |   2913 |    235 |     47 |   2483 |   3 | 1049.3 |
               +--------+--------+--------+--------+--------+-----+--------+

Top non-repeatable levels by time:
     D:2: 1593 daAuts
     D:1: 1340 daAuts
     D:3: 214 daAuts
